 Dungeon Crawl Stone Soup version 0.31.0-11-ge490571c62 (webtiles) character file.

Game seed: 9030071585826053431

106 qw the Shooter (level 4, -3/22 HPs)
             Began as a Spriggan Hunter on Feb 4, 2024.
             Slain by a gnoll
             ... wielding a +0 club
              (8 damage)
             ... on level 2 of the Dungeon.
             The game lasted 00:00:03 (920 turns).

qw the Shooter (Spriggan Hunter)                     Turns: 920, Time: 00:00:04

Health: -3/22      AC:  2    Str:  7    XL:     4   Next: 55%
Magic:  5/5        EV: 20    Int: 10    God:
Gold:   19         SH:  0    Dex: 20    Spells: 3/3 levels left

rFire   . . .        a - +0 shortbow
rCold   . . .        (shield currently unavailable)
rNeg    . . .        c - +0 robe
rPois   .            (helmet restricted)
rElec   .            (no cloak)
rCorr   .            (gloves unavailable)
SInv    +            (boots unavailable)
Will    .....        (no amulet)
Stlth   ++           (no ring)
HPRegen 0.23/turn    (no ring)
MPRegen 0.09/turn

%: no passive effects
@: very quick
A: very small, no large weapons, unfitting armour, see invisible, speed 3
a: no special abilities


You were on level 2 of the Dungeon.
You visited 1 branch of the dungeon, and saw 2 of its levels.

You collected 19 gold pieces.


Innate Abilities, Weirdness & Mutations

You are very small and have problems with some larger weapons.
You are too small for most types of armour.
You have supernaturally acute eyesight. (SInv)
You cover ground extremely quickly. (Speed+++)


   Skills:
 - Level 1.5 Fighting
 - Level 5.1 Ranged Weapons
 + Level 4.8 Dodging
 - Level 1.5 Stealth


You had 3 spell levels left.
You didn't know any spells.
Your spell library was empty.

Inventory:

Hand Weapons
 a - a +0 shortbow (weapon)
Armour
 c - a +0 robe (worn)
Jewellery
 e - a ring of fire
Scrolls
 h - a scroll of teleportation {unknown}
Potions
 b - a potion of mutation {unknown}
 d - 2 potions of curing
 f - a potion of ambrosia {unknown}
 g - a potion of invisibility {unknown}

Dungeon Overview and Level Annotations

Branches:
Dungeon (2/15)

Altars:


Message History

A gnoll comes into view. It is wielding a +0 whip.
You shoot an arrow. The gnoll shouts! x2
The arrow hits the gnoll.
The gnoll is moderately wounded.
You shoot an arrow. The arrow hits the gnoll.
The gnoll is heavily wounded.
You shoot an arrow.
The arrow hits the gnoll but does no damage.
The gnoll is heavily wounded.
You shoot an arrow. The arrow hits the gnoll.
The gnoll is severely wounded.
The gnoll closely misses you.
You shoot an arrow. The arrow hits the gnoll!
You kill the gnoll!
You shoot an arrow. The arrow closely misses the gnoll.
The gnoll closely misses you.
You shoot an arrow. The arrow hits the gnoll.
The gnoll is heavily wounded.
The gnoll hits you with a +0 whip. The gnoll hits you with a +0 club.
You shoot an arrow. The arrow closely misses the gnoll.
The gnoll closely misses you. x2
You shoot an arrow. The arrow hits the gnoll.
The gnoll is heavily wounded.
The gnoll completely misses you. The gnoll misses you.
You shoot an arrow. The arrow hits the gnoll.
The gnoll is almost dead.
The gnoll closely misses you. The gnoll hits you with a +0 whip.
You shoot an arrow. The arrow barely misses the gnoll.
The gnoll hits you with a +0 club. The gnoll completely misses you.
You shoot an arrow.
The arrow hits the gnoll but does no damage.
The gnoll is almost dead.
The gnoll misses you. The gnoll completely misses you.
The gnoll hits you with a +0 whip. The gnoll completely misses you.
You shoot an arrow.
The arrow hits the gnoll but does no damage.
The gnoll is almost dead.
The gnoll hits you with a +0 club!
You die...

#.#.# #.....# #.). #.#.#
#.....# ###.
#...#####>...## ##.
###.##.......# ###..
#....###...###..<#
##.### ##......###
#.######.######
########....#..)....####
......g@###.)..)###.....
.......g.......## #####.
.....)..#####.... ##
........# #.#.. ###
........# .. . ...
......... ... ###
........# ##.. ..
........# ##


You could see 2 gnolls.

Vanquished Creatures
  Terence (D:2)
  A gnoll (D:2)
  2 adders (D:2)
  A dart slug (D:2)
  12 endoplasms
  3 giant cockroaches
  4 hobgoblins
  6 kobolds
  A quokka (D:1)
  3 ball pythons (D:1)
  3 bats
  3 frilled lizards (D:1)
  4 goblins
  2 rats
46 creatures vanquished.

Notes
Turn   | Place    | Note
-------+----------+-------------------------------------------
     0 | D:1      | qw the Spriggan Hunter began the quest for the Orb.
     0 | D:1      | Reached XP level 1. HP: 10/10 MP: 2/2
     0 | D:1      | 0 ||| qw: Version: 0.3-a-160-g6735b56
     0 | D:1      | 0 ||| qw: Game counter: 4444
     0 | D:1      | 0 ||| qw: Melee chars always use a shield: true
     0 | D:1      | 0 ||| qw: God list: Okawaru
     0 | D:1      | 0 ||| qw: Allow faded altars: false
     0 | D:1      | 0 ||| qw: Do Orc after clearing Dungeon:15 true
     0 | D:1      | 0 ||| qw: Do second Lair branch before Depths: true
     0 | D:1      | 0 ||| qw: Lair rune preference: random
     0 | D:1      | 0 ||| qw: Goals: Normal
     0 | D:1      | 0 ||| PLANNING D:1-11
    22 | D:1      | Reached skill level 3 in Dodging
    59 | D:1      | Reached XP level 2. HP: 14/14 MP: 3/3
   348 | D:1      | Reached XP level 3. HP: 18/18 MP: 4/4
   368 | D:1      | Found a faded altar of an unknown god.
   637 | D:1      | 637 ||| READING 2 scrolls labelled FUCIEFR FECVE.
   637 | D:1      | 637 ||| IDENTIFYING fuming sapphire potion
   638 | D:1      | 638 ||| READING scroll of identify.
   638 | D:1      | 638 ||| IDENTIFYING 2 blue potions
   639 | D:1      | 639 ||| READING scroll labelled SOVVAT ROIRCH.
   640 | D:1      | 640 ||| READING scroll labelled DEDI PI GEUTA.
   641 | D:1      | 641 ||| DROPPING scroll of butterflies.
   642 | D:1      | 642 ||| DROPPING potion of lignification.
   688 | D:2      | Noticed Terence
   703 | D:2      | Killed Terence
   704 | D:2      | Reached skill level 5 in Ranged Weapons
   704 | D:2      | Reached XP level 4. HP: 13/22 MP: 5/5
   919 | D:2      | HP: 5/22 [gnoll/+0 whip (4)]
   920 | D:2      | Slain by a gnoll

Levels and vault maps discovered:
D:1:      eino_arrival_tree_alley, layout_rooms,
          shapermc_ecumenical_altar_flowoftime, nicolae_titane
D:2:      layout_rooms, uniq_terence

Skill      XL: |  1  2  3 |
---------------+----------+-----
Dodging        | 3 4 |  4.8
Ranged Weapons | 5 |  5.1
Fighting       | |  1.5
Stealth        | |  1.5

Action                     |  1- 3 |  4- 6 || total
---------------------------+-------+-------++-------
   Fire: Shortbow          |    88 |    45 ||   133
    Use: Scroll            |     4 |       ||     4
 Armour: Robe              |     8 |     9 ||    17
  Dodge: Dodged            |    20 |    30 ||    50

Table legend:
 A = Non-vault XP
 B = Vault XP
 C = Vault XP percentage of total XP
 D = Non-vault monster count
 E = Vault monster count
 F = Vault count percentage of total count
                 A         B        C        D         E       F
            +---------+---------+-------+---------+---------+-------
      Total |     116 |      36 |  23.7 |      45 |       1 |   2.2
            +---------+---------+-------+---------+---------+-------
        D:1 |      48 |       0 |   0.0 |      29 |       0 |   0.0
        D:2 |      68 |      36 |  34.6 |      16 |       1 |   5.9
            +---------+---------+-------+---------+---------+-------
